 Dungeon Crawl Stone Soup version 0.32-a0-132-g2d33c3cfaf (webtiles) character file.

Game seed: 4928504473787689424

9356 Wizardish the Destroyer (level 11, -3/71 HPs)
             Began as a Gargoyle Fire Elementalist on Feb 9, 2024.
             Was a Priest of Sif Muna.
             Slain by a reaper
             ... wielding a -4 scythe of freezing
              (34 damage)
             ... in an ice cave.
             The game lasted 00:23:44 (13715 turns).

Wizardish the Destroyer (GrFE)                     Turns: 13715, Time: 00:23:45

Health: -3/71      AC: 26    Str: 16    XL:     11   Next: 45%
Magic:  20/22      EV: 10    Int: 31    God:    Sif Muna [***...]
Gold:   248        SH:  0    Dex: 16    Spells: 15/25 levels left

rFire   . . .        G - +11 double sword of the Slime-mould {protect, rC++ rCorr Int+3}
rCold   + + .        (no shield)
rNeg    + . .        j - +1 scale mail "Gapponki" {Str+4 Int+8}
rPois   ∞            B - +0 helmet
rElec   +            g - +2 cloak
rCorr   +            q - +0 pair of gloves
SInv    .            (no boots)
Will    .....        d - amulet of magic regeneration
Stlth   +            i - +6 ring of dexterity
HPRegen 0.31/turn    x - +4 ring of protection
MPRegen 0.58/turn

%: no passive effects
@: no status effects
A: sickness immunity, AC +8, negative energy resistance 1, electricity
resistance, torment resistance 1, petrification resistance
a: Renounce Religion, Channel Magic, Forget Spell


You were in an ice cave.
You worshipped Sif Muna.
Sif Muna was most pleased with you.
You visited 3 branches of the dungeon, and saw 12 of its levels.
You also visited: Ice Cave.

You collected 748 gold pieces.
You spent 500 gold pieces at shops.

Inventory:

Hand Weapons
 G - the +11 double sword of the Slime-mould (weapon) {protect, rC++ rCorr Int+3}
   (You bought it in a shop on level 9 of the Dungeon)

   Int+3:     It affects your intelligence (+3).
   rC++:      It greatly protects you from cold.
   rCorr:     It protects you from acid and corrosion.
Armour
 g - a +2 cloak (worn)
   (You found it on level 1 of the Dungeon)
 j - the +1 scale mail "Gapponki" (worn) {Str+4 Int+8}
   (You found it on level 4 of the Dungeon)

   Str+4:     It affects your strength (+4).
   Int+8:     It affects your intelligence (+8).
 q - a +0 pair of gloves (worn)
   (You found it on level 6 of the Dungeon)
 B - a +0 helmet (worn)
   (You found it on level 9 of the Dungeon)
Magical Staves
 c - a staff of conjuration
   (You found it on level 10 of the Dungeon)
Jewellery
 d - an amulet of magic regeneration (around neck)
   (You found it on level 10 of the Dungeon)
 i - a +6 ring of dexterity (left hand)
   (You found it on level 4 of the Dungeon)
 x - a +4 ring of protection (right hand)
   (You found it on level 7 of the Dungeon)
Wands
 a - a wand of roots (5)
   (You found it in an ice cave)
 l - a wand of paralysis (11)
   (You found it on level 5 of the Dungeon)
 u - a wand of mindburst (12)
   (You found it on level 6 of the Dungeon)
Scrolls
 b - a scroll of enchant weapon
 e - 2 scrolls of poison
 n - a scroll of amnesia
 s - a scroll of blinking {!r!d}
 v - 2 scrolls of immolation {!r}
Potions
 k - 2 potions of haste
 o - 2 potions of curing {@q1, !d}
 w - a potion of attraction {!q}
 z - 2 potions of brilliance {unknown}
 A - 2 potions of lignification {unknown}
 D - a potion of resistance {unknown}
 F - 2 potions of enlightenment {unknown}
Miscellaneous
 f - a tin of tremorstones (2/2)
   (You found it in an ice cave)


   Skills:
 * Level 9.1 Fighting
 + Level 6.6 Armour
 - Level 1.5 Dodging
 - Level 2.1 Stealth
 * Level 7.9 Spellcasting
 * Level 9.1 Conjurations
 * Level 8.8 Fire Magic


You had 15 spell levels left.
You knew the following spells:

 Your Spells              Type           Power      Damage    Failure   Level
a - Foxfire               Conj/Fire      100%       2x1d9     1%          1
f - Inner Flame           Hex/Fire       39%        N/A       6%          3
z - Scorch                Fire           100%       2d9       1%          2
Z - Flame Wave            Conj/Fire      62%        2d14      3%          4

Your spell library contained the following spells:

 Spells                   Type           Power      Damage    Failure   Level
 Sting                    Conj/Alch      100%       1d9       1%          1
 Volatile Blastmotes      Fire/Tloc      78%        2d16      6%          3
 Call Imp                 Summ           24%        N/A       21%         2
 Ensorcelled Hibernation  Hex/Ice        24%        N/A       21%         2
 Lesser Beckoning         Tloc           24%        N/A       21%         2
 Mercury Vapours          Alch/Air       24%        N/A       21%         2
 Fugue of the Fallen      Necr           12%        N/A       36%         3
 Gell's Gravitas          Tloc           12%        N/A       36%         3
 Ozocubu's Armour         Ice            12%        N/A       36%         3
 Teleport Other           Tloc           12%        N/A       36%         3
 Anguish                  Hex/Necr       6%         N/A       78%         4
 Manifold Assault         Tloc           12%        N/A       78%         4
 Olgreb's Toxic Radiance  Alch           12%        N/A       78%         4
 Summon Hydra             Summ           6%         N/A       100%        7
 Sublimation of Blood     Necr           Unusable   N/A       N/A         2

Dungeon Overview and Level Annotations

Branches:
Dungeon (10/15) Zot: 25906  Temple (1/1) D:6 Zot: 5998    Lair (1/5) D:8 Zot: 5978
  IceCv (1/1) Zot: 5558
    Orc: D:9-12

Altars:
Ashenzari
Cheibriados
Dithmenos
Elyvilon
Fedhas
Gozag
Hepliaklqana
Kikubaaqudgha
Makhleb
Nemelex Xobeh
Okawaru
Qazlal
Ru
Sif Muna
Trog
Uskayaw
Vehumet
Wu Jian
Xom
Yredelemnul
Zin
The Shining One
Lugonu

Shops:
D:9 (


Innate Abilities, Weirdness & Mutations

You are immune to sickness and miasma.
Your stone body is resilient. (AC +8)
You are immune to poison.
You resist negative energy. (rN+)
You are resistant to electric shocks. (rElec)
You are resistant to unholy torment.
You are immune to petrification.


Message History

The puff of frost misses you.
You now have 18/22 mp.
A wave of flame ripples out!
The flame wave engulfs the white imp!!
The white imp is burned terribly!
You kill the white imp!
Sif Muna accepts your kill.
A wave of flame ripples out!
The flame wave engulfs the ufetubus!!
The ufetubus is burned terribly!
You kill the ufetubus!
Sif Muna accepts your kill.
You finish channelling waves of flame.
No target in view!
You are engulfed in freezing vapours.
You resist.
You take 2 damage, and have 69/71 hp.
MP restored: 22 You start resting.
Health restored: 71 You start waiting.
You are engulfed in freezing vapours.
You resist.
You are engulfed in freezing vapours.
You resist.
You take 5 damage, and have 66/71 hp.
You are engulfed in freezing vapours.
You resist.
You take 1 damage, and have 65/71 hp.
You are engulfed in freezing vapours.
You resist.
You take 3 damage, and have 62/71 hp.
Really walk into that cloud of freezing vapour? [Y]es or [N]o only, please.
Really walk into that cloud of freezing vapour?
Okay, then.
You start resting.
You are engulfed in freezing vapours.
You resist.
You regained 7 hp, and now have 70/71 hp.
You are engulfed in freezing vapours.
You resist.
You take 1 damage, and have 69/71 hp.
A dire elephant simulacrum comes into view.
You see here a +0 broad axe of freezing.
A death yak simulacrum comes into view.
You see here the Grimoire of Rime.
A reaper and a wolf simulacrum come into view.
The reaper is wielding a -4 scythe of freezing.
You see here a +3 shortbow of flaming.
A death yak simulacrum, an elephant simulacrum and a harpy simulacrum come into view.
The death yak simulacrum moves out of view.
You see here 16 gold pieces.
The dire elephant simulacrum tramples you but does no damage.
The dire elephant simulacrum trunk-slaps you but does no damage.
You see here a +2 morningstar of flaming.
Health restored: 71 The wolf simulacrum closely misses you.
You see here 16 gold pieces.
Casting: Flame Wave (dangerous; 3% risk of failure)
Casting: Flame Wave (dangerous; 3% risk of failure)
Press: ? - help, Dir - look around, f - activate A wave of flame ripples out!
The flame wave engulfs the death yak simulacrum!!
The death yak simulacrum melts!
The flame wave engulfs the dire elephant simulacrum!!
The dire elephant simulacrum melts!
The flame wave engulfs the wolf simulacrum!
The wolf simulacrum melts! (Press . to intensify the flame waves.)
The wolf simulacrum barely misses you.
The death yak simulacrum barely misses you.
The dire elephant simulacrum tramples you!
You stumble backwards!
You take 9 damage, and have 62/71 hp.
You now have 18/22 mp.
Unknown command.
The harpy simulacrum claws you. The harpy simulacrum freezes you. You resist.
The harpy simulacrum claws you but does no damage.
The dire elephant simulacrum tramples you but does no damage.
The dire elephant simulacrum trunk-slaps you.
The dire elephant simulacrum freezes you.
You resist. The wolf simulacrum closely misses you.
You take 20 damage, and have 42/71 hp.
MASSIVE DAMAGE!!
The harpy simulacrum claws you but does no damage.
The harpy simulacrum misses you.
The harpy simulacrum closely misses you.
The harpy simulacrum claws you but does no damage.
The wolf simulacrum bites you but does no damage.
The dire elephant simulacrum tramples you!
You stumble backwards!
You take 12 damage, and have 30/71 hp.
Unknown command.
Unknown command.
You feel much better. The harpy simulacrum claws you.
The harpy simulacrum freezes you. You resist. The harpy simulacrum claws you.
The harpy simulacrum freezes you. You resist.
The wolf simulacrum barely misses you.
The harpy simulacrum closely misses you.
The harpy simulacrum barely misses you.
The dire elephant simulacrum tramples you but does no damage.
The dire elephant simulacrum trunk-slaps you but does no damage.
You regained 3 hp, and now have 33/71 hp.
You feel much better. The harpy simulacrum claws you.
The harpy simulacrum freezes you. You resist.
The harpy simulacrum barely misses you. The wolf simulacrum barely misses you.
The harpy simulacrum claws you! The harpy simulacrum freezes you. You resist.
The harpy simulacrum claws you but does no damage.
The reaper hits you from afar with a -4 scythe of freezing!!
You die...

####.#§#..##
###§#○§##...#
#..§§§###.###
##.§§○.####
#§§§☼○..#
##§§§§○##
##§☼§§§.#
##§##§#§##
#[@!#####
#ZZZ## #2ZZ$#
#Z$$$# #$$.##
#$...#
#$.....
#.......
###.....#


You could see a reaper, a wolf simulacrum, 2 death yak simulacra, an elephant
simulacrum, a dire elephant simulacrum and a harpy simulacrum.

Vanquished Creatures
  Pikel (D:6)
  An anaconda simulacrum (IceCv)
  2 ice devils (Lair:1)
  A troll (D:9)
  A hornet (D:9)
  Grinder (D:3)
  3 dream sheep (D:8)
  A shadow (D:9)
  A wraith (D:6)
  3 wyverns (D:6 D:9)
  A vampire (D:9)
  8 yaks (D:6 D:8)
  2 steam dragons (D:7 D:8)
  A harpy simulacrum (IceCv)
  2 water moccasins (D:7 D:8)
  3 acid dragons (D:8 D:10)
  A hydra simulacrum (IceCv)
  A black bear (D:6)
  2 orc warriors (D:6 D:10)
  A sky beast (D:7)
  2 ice beasts (D:6 D:7)
  3 ogres (D:4 D:5 D:6)
  A centaur (D:7)
  2 phantoms (D:5)
  5 kobold brigands (D:7 D:8 D:9 D:10)
  4 lemures (D:6)
  5 bullfrogs (D:4 D:7 D:8)
  A gnoll sergeant (D:9)
  4 scorpions (D:4 D:5 D:7)
  2 two-headed ogre simulacra (IceCv)
  A cane toad simulacrum (IceCv)
  3 wights (D:9)
  4 electric eels (D:9)
  A howler monkey (D:10)
  3 jellies (D:5 D:7)
  A bombardier beetle (D:7)
  3 hounds (D:4 D:6)
  2 sleepcaps (D:6 D:7)
  2 gnoll boudas (D:8 D:9)
  7 orc priests (D:3 D:6 D:9 D:10)
  3 iguanas (D:6 D:7)
  Terence (D:2)
  13 orc wizards (D:3 D:4 D:5 D:6 D:9)
  3 spriggan simulacra (IceCv)
  A troll simulacrum (IceCv)
  2 wolf simulacra (IceCv)
  14 gnolls (D:5 D:9)
  8 adders (D:4 D:2 D:3 D:5)
  4 naga simulacra (IceCv)
  4 white imps (IceCv)
  10 ufetubi (D:5 D:6 IceCv)
  2 ribbon worms (D:3 D:5)
  4 dart slugs (D:2 D:3 D:4)
  22 orcs (D:3 D:4 D:5 D:6 D:7)
  4 ball pythons (D:2 D:3 D:4)
  5 bats (D:2 D:3)
  8 endoplasms (D:1 D:4 D:2 D:3)
  4 giant cockroaches (D:1 D:2 D:3)
  6 goblins (D:1 D:2 D:4)
  3 hobgoblins (D:1 D:4 D:2)
  A jackal (D:2)
  3 quokkas (D:1)
  3 frilled lizards (D:2 D:3)
  20 kobolds (D:1 D:2 D:8 D:9 D:10)
  3 rats (D:1 D:2)
244 creatures vanquished.

Vanquished Creatures (others)
  2 orc wizards (D:4 D:10)
  An orc (D:6)
  764 foxfires (D:1 D:2 D:4 D:3 D:5)
767 creatures vanquished.

Grand Total: 1011 creatures vanquished

Notes
Turn   | Place    | Note
-------+----------+-------------------------------------------
     0 | D:1      | Wizardish the Gargoyle Fire Elementalist began the quest
                  | for the Orb.
     0 | D:1      | Reached XP level 1. HP: 10/10 MP: 3/3
   307 | D:1      | Reached XP level 2. HP: 16/16 MP: 0/5
   415 | D:1      | Learned a level 2 spell: Scorch
  1242 | D:2      | You fall into a shaft and drop 2 floors!
  1281 | D:4      | Reached skill level 1 in Fighting
  1342 | D:4      | Reached XP level 3. HP: 18/20 MP: 1/6
  1713 | D:2      | Reached skill level 2 in Conjurations
  1858 | D:2      | Noticed Terence
  1879 | D:2      | Killed Terence
  1880 | D:2      | Reached skill level 1 in Armour
  1880 | D:2      | Reached XP level 4. HP: 16/25 MP: 0/7
  2621 | D:3      | Reached skill level 2 in Fighting
  2761 | D:3      | Reached XP level 5. HP: 30/30 MP: 5/9
  2976 | D:3      | Reached skill level 3 in Spellcasting
  3095 | D:3      | Reached skill level 3 in Conjurations
  3095 | D:3      | Reached skill level 4 in Fire Magic
  3282 | D:3      | Noticed Grinder
  3286 | D:3      | Reached XP level 6. HP: 36/36 MP: 6/10
  3287 | D:3      | Paralysed by Grinder for 2 turns
  3292 | D:3      | Killed Grinder
  3293 | D:3      | Reached skill level 3 in Fighting
  3293 | D:3      | Reached skill level 2 in Armour
  3652 | D:3      | Wizardish: sup
  3748 | D:4      | Reached XP level 7. HP: 41/41 MP: 4/12
  3748 | D:4      | Rudyous: ello
  3813 | D:4      | Found a basalt altar of Yredelemnul.
  4019 | D:4      | Rudyous: i gotta take that test as well but ill be back
                  | when im done with it
  4119 | D:4      | Identified the +1 scale mail "Gapponki" {Str+4 Int+8}
  4121 | D:4      | Wizardish: oki
  4121 | D:4      | Wizardish: also
  4121 | D:4      | Wizardish: is this worth it?
  4121 | D:4      | Wizardish: it's kinda heavy tho
  4121 | D:4      | elongatedgoose: hmm
  4121 | D:4      | Wizardish: it'll cause fail rate to be higher
  4121 | D:4      | Wizardish: oh sup
  4131 | D:4      | Wizardish: actually no?
  4131 | D:4      | Wizardish: wtf
  4131 | D:4      | elongatedgoose: yea its prob worht
  4131 | D:4      | Wizardish: oh yea
  4131 | D:4      | Wizardish: +8 int
  4131 | D:4      | Wizardish: lol
  4131 | D:4      | elongatedgoose: since such int boost
  4131 | D:4      | Wizardish: it cancels it out
  4131 | D:4      | Wizardish: ye
  4146 | D:4      | Reached skill level 4 in Conjurations
  4424 | D:4      | Reached skill level 4 in Spellcasting
  4651 | D:4      | Reached skill level 4 in Fighting
  4747 | D:4      | Learned a level 4 spell: Flame Wave
  4806 | D:5      | Entered Level 5 of the Dungeon
  4813 | D:5      | Reached skill level 3 in Armour
  4813 | D:5      | Reached skill level 5 in Fire Magic
  4877 | D:5      | Reached XP level 8. HP: 37/48 MP: 5/14
  5403 | D:5      | Reached skill level 5 in Conjurations
  5674 | D:5      | Found a shimmering blue altar of Sif Muna.
  5776 | D:5      | Wizardish: shit
  5776 | D:5      | elongatedgoose: men
  5776 | D:5      | Wizardish: do I continue going down until I find veh or do
                  | I just join sif
  5776 | D:5      | Wizardish: mmmmmmmmmmmm
  5801 | D:5      | Wizardish: I need mana so
  5849 | D:5      | Became a worshipper of Sif Muna the Loreminder
  5986 | D:6      | Reached skill level 5 in Fighting
  6161 | D:6      | Found a sparkling altar of Nemelex Xobeh.
  6161 | D:6      | Found an ornate altar of the Wu Jian Council.
  6185 | D:6      | elongatedgoose: i ordered my laptop
  6377 | D:6      | Reached skill level 5 in Spellcasting
  6521 | D:6      | Found a staircase to the Ecumenical Temple.
  6522 | D:6      | Wizardish: ...
  6522 | D:6      | Wizardish: oh cool
  6522 | D:6      | Wizardish: I was saying ... because I just found temple
                  | right after joining sif...
  6531 | Temple   | Entered the Ecumenical Temple
  6532 | Temple   | Wizardish: oh nvm
  6532 | Temple   | Wizardish: super bad temple anyways
  6532 | Temple   | Wizardish: and no veh
  6540 | D:6      | elongatedgoose: L
  6683 | D:6      | Noticed a wyvern
  6690 | D:6      | Killed a wyvern
  6691 | D:6      | Reached skill level 4 in Armour
  6691 | D:6      | Reached skill level 6 in Fire Magic
  6691 | D:6      | Reached XP level 9. HP: 51/54 MP: 7/16
  6801 | D:6      | Noticed Pikel
  6818 | D:6      | Killed Pikel
  6819 | D:6      | Reached skill level 6 in Fighting
  6819 | D:6      | Reached skill level 6 in Conjurations
  6929 | D:6      | Found an iron altar of Okawaru.
  6997 | D:6      | Wizardish: well I can't even join veh anyways
  6997 | D:6      | Wizardish: can't leave sif or else magic is done for
  7014 | D:6      | Wizardish: just dropped my computer
  7014 | D:6      | Wizardish: erm
  7065 | D:6      | Wizardish: erm
  7065 | D:6      | Wizardish: ERM
  7307 | D:6      | elongatedgoose: L
  7308 | D:6      | elongatedgoose: o
  7309 | D:6      | elongatedgoose: L
  7442 | D:6      | Reached skill level 6 in Spellcasting
  7998 | D:7      | Reached skill level 7 in Fire Magic
  8080 | D:7      | Reached * piety under Sif Muna
  8097 | D:7      | Reached skill level 7 in Conjurations
  8327 | D:7      | Reached skill level 5 in Armour
  8327 | D:7      | Reached XP level 10. HP: 61/61 MP: 12/19
  8389 | D:7      | Reached skill level 7 in Fighting
  9270 | D:7      | Learned a level 3 spell: Inner Flame
  9391 | D:8      | HP: 28/63 [yak (10)]
  9554 | D:8      | Wizardish: gtg
  9554 | D:8      | Wizardish: brb
  9585 | D:8      | Found a staircase to the Lair.
  9592 | D:8      | elongatedgoose: weeeeeeeeeeeeeeeeeeeeeeeee
  9592 | D:8      | Wizardish: hi
  9869 | D:8      | Wizardish: dream sheep???
  9869 | D:8      | Wizardish: in dungeon??
  9869 | D:8      | Wizardish: wtf
  9883 | D:8      | Reached skill level 7 in Spellcasting
  9883 | D:8      | Reached skill level 8 in Conjurations
  9884 | D:8      | Reached skill level 8 in Fighting
  9904 | D:8      | Reached skill level 8 in Fire Magic
 10101 | D:8      | Found a shadowy altar of Dithmenos.
 10297 | D:8      | Found a bloodstained altar of Trog.
 10305 | D:8      | Found a radiant altar of Vehumet.
 10307 | D:8      | Found a shimmering altar of Xom.
 10307 | D:8      | Found an ancient bone altar of Kikubaaqudgha.
 10307 | D:8      | Found a blossoming altar of Fedhas.
 10316 | D:8      | elongatedgoose: yea
 10331 | D:8      | Found a hide-covered altar of Uskayaw.
 10332 | D:8      | Found a stormy altar of Qazlal.
 10406 | D:8      | Wizardish: this sucks bruh
 10406 | D:8      | elongatedgoose: happens oftem
 10406 | D:8      | Wizardish: I thought it'd directly give magic
 10406 | D:8      | Wizardish: but no
 10406 | D:8      | Wizardish: just regen
 10406 | D:8      | Wizardish: what?
 10406 | D:8      | Wizardish: the dreep sheep?
 10406 | D:8      | Wizardish: dreep
 10406 | D:8      | Wizardish: lol
 10406 | D:8      | Wizardish: dream
 10713 | D:9      | Reached skill level 6 in Armour
 10825 | D:9      | elongatedgoose: im gonna weeeeeepeepepepepe
 10955 | D:9      | Wizardish: weeeeeeeeeeeeep
 10955 | D:9      | Wizardish: ?
 10955 | D:9      | Wizardish: what
 11209 | D:9      | Reached XP level 11. HP: 69/69 MP: 12/22
 11209 | D:9      | Wizardish: bruh I need more spellss
 11241 | D:9      | HP: 32/69 [electric eel/bolt of electricity (3)]
 11374 | D:9      | Reached ** piety under Sif Muna
 11497 | D:9      | Found Yrhicul's Antique Weapon Shoppe.
 11501 | D:9      | Bought a blackened double sword for 500 gold pieces
 11501 | D:9      | Identified the +11 double sword of the Slime-mould
                  | {protect, rC++ rCorr Int+3} (You bought it in a shop on
                  | level 9 of the Dungeon)
 11501 | D:9      | Wizardish: holy shit
 12162 | D:10     | Entered Level 10 of the Dungeon
 12601 | D:10     | Found a glowing golden altar of the Shining One.
 12602 | D:10     | Found a white marble altar of Elyvilon.
 12816 | D:10     | Wizardish: bro my classroom has some stupid contant
                  | bvvvvvvvvvvvvvv
 12816 | D:10     | Wizardish: constant
 12816 | D:10     | Wizardish: I'm trying to drain it out w/ music but I can
                  | still hear it
 12816 | D:10     | Wizardish: I'm going to get 15 migraines
 13254 | Lair:1   | elongatedgoose: im trying to drain the government funding
 13254 | Lair:1   | Entered Level 1 of the Lair of Beasts
 13255 | Lair:1   | Wizardish: ...
 13255 | Lair:1   | Wizardish: lol
 13255 | Lair:1   | Wizardish: uh
 13255 | Lair:1   | Wizardish: there is both a gauntlet and ice cave here
 13255 | Lair:1   | Wizardish: wtf
 13261 | Lair:1   | Found a frozen archway.
 13269 | Lair:1   | Reached skill level 9 in Conjurations
 13276 | IceCv    | Entered an ice cave
 13380 | IceCv    | Reached skill level 9 in Fighting
 13603 | IceCv    | Reached *** piety under Sif Muna
 13675 | IceCv    | elongatedgoose: im sleepy
 13707 | IceCv    | Noticed a reaper
 13713 | IceCv    | HP: 30/71 [dire elephant simulacrum (12)]
 13715 | IceCv    | Slain by a reaper

Illustrated notes

Levels and vault maps discovered:
D:1:      lightli_arrival_chessboard, layout_loops_cross,
          roderic_serpentine_path
D:2:      minmay_skewed_foursquare, layout_basic, uniq_terence
D:3:      layout_basic, chequers_jeans, uniq_grinder
D:4:      layout_rooms, yredelemnul_altar_generic,
          minmay_a_box_with_orc_wizards_in_it
D:5:      layout_cave_pools, nicolae_sif_muna_condensation,
          roderic_roman_lattice
D:6:      minmay_chambers_of_sixes, layout_loops_ring, jmf_multi_god_temple,
          mainiacjoe_overflow_boulevard, minmay_temple_entry_wispy,
          nrook_campfire, uniq_pikel
D:7:      layout_basic, minivault_23, grunt_ministairs_14, minivault_22,
          hangedman_minor_gate_pass
D:8:      nicolae_hitomezashi [nicolae_hito_row, nicolae_hito_row,
          nicolae_hito_row, nicolae_hito_row, nicolae_hito_row,
          nicolae_hito_row, nicolae_hito_row, nicolae_hito_row,
          nicolae_hito_row, nicolae_hito_row, nicolae_hito_row,
          nicolae_hito_row, nicolae_hito_row, nicolae_hito_row,
          nicolae_hito_row, nicolae_hito_row, nicolae_hito_row,
          nicolae_hito_row], layout_loops_ring, grunt_dithmenos_smoke,
          minitemple, lair_entry_dummy, dreamdust_gnoll_shepherd
D:9:      layout_cave_pods, serial_shops, shop, grunt_decor_arrowhead,
          chequers_big_river, chequers_hall_statues_corner_a
D:10:     layout_loops_ring, mainiacjoe_overflow_catwalk_spiral,
          minmay_misc_feat_doors, hex_large
Temple:   corrupted_temple
Lair:1:   layout_loops_ring, gauntlet_entry_generic,
          portal_ice_cave_demonic_guard, serial_bayou_shore_a,
          grunt_megastairs_1, lemuel_fruit_tree, uniq_joseph
IceCv:    ice_cave_caverns_02

Skill      XL: |  1  2  3  4  5  6  7  8  9 10 11 |
---------------+----------------------------------+-----
Fighting       | 1 2 3 4 5 6 8 9 |  9.1
Conjurations   | 2 3 4 5 7 8 9 |  9.1
Armour         | 1 2 3 4 5 6 |  6.6
Spellcasting   | 3 4 5 6 7 |  7.9
Fire Magic     | 4 5 6 7 8 |  8.8
Dodging        | |  1.5
Stealth        | |  2.1

Action                     |  1- 3 |  4- 6 |  7- 9 | 10-12 || total
---------------------------+-------+-------+-------+-------++-------
  Melee: Dagger            |    18 |    29 |    15 |       ||    62
         Punch             |       |     1 |     1 |     4 ||     6
         War axe           |       |       |     7 |    19 ||    26
         Double sword      |       |       |       |     7 ||     7
   Cast: Foxfire           |    59 |    49 |   189 |   190 ||   487
         Scorch            |     7 |    13 |    23 |    19 ||    62
         Flame Wave        |       |       |    12 |    31 ||    43
         Inner Flame       |       |       |       |     1 ||     1
    Use: Scroll            |     4 |     2 |     8 |     6 ||    20
         Potion            |     1 |     4 |     2 |     3 ||    10
 Armour: Robe              |    28 |    43 |     1 |       ||    72
         Scale mail        |       |       |   105 |   197 ||   302
  Dodge: Dodged            |    37 |    25 |    73 |    95 ||   230
  Block: Other             |       |       |    28 |    22 ||    50
         Reflection        |       |       |       |     1 ||     1

Table legend: (Time is in decaauts)
 A = Elapsed time spent in this place.
 B = Non-inter-level travel time spent in this place.
 C = Inter-level travel time spent in this place.
 D = Time resting spent in this place.
 E = Time spent auto-exploring this place.
 F = Levels seen in this place.
 G = Mean time per level.
                   A        B        C        D        E       F      G
               +--------+--------+--------+--------+--------+-----+--------+
         Total |  13752 |  13357 |    395 |   1636 |   9825 |  13 | 1057.8 |
       Dungeon |  13288 |  12893 |    395 |   1551 |   9576 |  10 | 1328.8 |
        Temple |      1 |      1 |      0 |      0 |      0 |   1 |    1.0 |
          Lair |     21 |     21 |      0 |      0 |      0 |   1 |   21.0 |
      Ice Cave |    440 |    440 |      0 |     85 |    249 |   1 |  440.0 |
               +--------+--------+--------+--------+--------+-----+--------+

Top non-repeatable levels by time:
     D:6: 1746 daAuts
     D:9: 1708 daAuts
     D:7: 1648 daAuts
     D:3: 1432 daAuts
     D:4: 1287 daAuts
     D:8: 1231 daAuts
     D:2: 1153 daAuts
    D:10: 1043 daAuts
     D:1: 1034 daAuts
     D:5: 1002 daAuts
   IceCv: 440 daAuts
  Lair:1: 21 daAuts
  Temple: 1 daAuts

Levels and vault maps discovered:
D:1:      lightli_arrival_chessboard, layout_loops_cross,
          roderic_serpentine_path
D:2:      minmay_skewed_foursquare, layout_basic, uniq_terence
D:3:      layout_basic, chequers_jeans, uniq_grinder
D:4:      layout_rooms, yredelemnul_altar_generic,
          minmay_a_box_with_orc_wizards_in_it
D:5:      layout_cave_pools, nicolae_sif_muna_condensation,
          roderic_roman_lattice
D:6:      minmay_chambers_of_sixes, layout_loops_ring, jmf_multi_god_temple,
          mainiacjoe_overflow_boulevard, minmay_temple_entry_wispy,
          nrook_campfire, uniq_pikel
D:7:      layout_basic, minivault_23, grunt_ministairs_14, minivault_22,
          hangedman_minor_gate_pass
D:8:      nicolae_hitomezashi [nicolae_hito_row, nicolae_hito_row,
          nicolae_hito_row, nicolae_hito_row, nicolae_hito_row,
          nicolae_hito_row, nicolae_hito_row, nicolae_hito_row,
          nicolae_hito_row, nicolae_hito_row, nicolae_hito_row,
          nicolae_hito_row, nicolae_hito_row, nicolae_hito_row,
          nicolae_hito_row, nicolae_hito_row, nicolae_hito_row,
          nicolae_hito_row], layout_loops_ring, grunt_dithmenos_smoke,
          minitemple, lair_entry_dummy, dreamdust_gnoll_shepherd
D:9:      layout_cave_pods, serial_shops, shop, grunt_decor_arrowhead,
          chequers_big_river, chequers_hall_statues_corner_a
D:10:     layout_loops_ring, mainiacjoe_overflow_catwalk_spiral,
          minmay_misc_feat_doors, hex_large
Temple:   corrupted_temple
Lair:1:   layout_loops_ring, gauntlet_entry_generic,
          portal_ice_cave_demonic_guard, serial_bayou_shore_a,
          grunt_megastairs_1, lemuel_fruit_tree, uniq_joseph
IceCv:    ice_cave_caverns_02

Table legend: (Time is in decaauts)
 A = Elapsed time spent in this place.
 B = Non-inter-level travel time spent in this place.
 C = Inter-level travel time spent in this place.
 D = Time resting spent in this place.
 E = Time spent auto-exploring this place.
 F = Levels seen in this place.
 G = Mean time per level.
                   A        B        C        D        E       F      G
               +--------+--------+--------+--------+--------+-----+--------+
         Total |  13752 |  13357 |    395 |   1636 |   9825 |  13 | 1057.8 |
       Dungeon |  13288 |  12893 |    395 |   1551 |   9576 |  10 | 1328.8 |
        Temple |      1 |      1 |      0 |      0 |      0 |   1 |    1.0 |
          Lair |     21 |     21 |      0 |      0 |      0 |   1 |   21.0 |
      Ice Cave |    440 |    440 |      0 |     85 |    249 |   1 |  440.0 |
               +--------+--------+--------+--------+--------+-----+--------+

Top non-repeatable levels by time:
     D:6: 1746 daAuts
     D:9: 1708 daAuts
     D:7: 1648 daAuts
     D:3: 1432 daAuts
     D:4: 1287 daAuts
     D:8: 1231 daAuts
     D:2: 1153 daAuts
    D:10: 1043 daAuts
     D:1: 1034 daAuts
     D:5: 1002 daAuts
   IceCv: 440 daAuts
  Lair:1: 21 daAuts
  Temple: 1 daAuts

Table legend:
 A = Kills in this place as a percentage of kills in the entire game.
 B = Kills by you in this place as a percentage of kills by you in the entire game.
 C = Kills by friends in this place as a percentage of kills by friends in the entire game.
 D = Other kills in this place as a percentage of other kills in the entire game.
 E = Experience gained in this place as a percentage of experience gained in the entire game.
 F = Experience gained in this place divided by the number of levels of this place that you have seen.
                   A       B       C       D       E      F
               +-------+-------+-------+-------+-------+----------------------
         Total | 100.0 | 100.0 |   N/A | 100.0 | 100.0 | 1028.2
       Dungeon |  89.3 |  89.2 |   N/A | 100.0 |  86.0 | 1149.3
          Lair |   0.8 |   0.8 |   N/A |   0.0 |   4.9 | 650.0
      Ice Cave |   9.9 |  10.0 |   N/A |   0.0 |   9.2 | 1224.0
               +-------+-------+-------+-------+-------+----------------------
